[Event "Team 45 45 League T31"]
[Site "Internet Chess Club"]
[Date "2006.07.03"]
[Round "2"]
[White "BishopsArms"]
[Black "fledermaus"]
[Result "0-1"]
[WhiteElo "1808"]
[BlackElo "2074"]
[TimeControl "2700+45"]

1. e4 Nf6 2. e5 Nd5 3. Bc4 Nb6 4. Bb3 d6 5. d4 dxe5 6. Qh5 e6 7. dxe5 a5 8. a4
Na6 9. Nf3 Nc5 10. Ng5 g6 11. Qf3 Qe7 12. O-O Bg7 13. Re1 Bd7 14. Qxb7 Nxb7
{White resigns} 0-1  aics%

[Event "Team 45 45 League T31"]
[Site "Internet Chess Club"]
[Date "2006.06.30"]
[Round "2"]
[White "BorgCollective"]
[Black "alastorx"]
[Result "1/2-1/2"]
[WhiteElo "1900"]
[BlackElo "1797"]
[TimeControl "2700+45"]

1. f4 d5 2. Nf3 Nf6 3. e3 g6 4. Be2 Bg7 5. O-O O-O 6. d4 c5 7. c3 Qc7 8. Ne5 Rd8
9. Nd2 Bf5 10. Ndf3 h6 11. Nh4 Be4 12. Bd3 Nc6 13. Nhf3 a6 14. Qc2 Rac8 15. Nd2
cxd4 16. Nxc6 Qxc6 17. exd4 e6 18. Bxe4 Nxe4 19. Nxe4 dxe4 20. Qe2 f5 21. Qf2
Qb6 22. Qg3 Kh7 23. Qh4 Qb5 24. Re1 Qd3 25. Qe7 b5 26. a3 Qc4 27. Be3 Qd5 28.
Bf2 Qd7 29. Bh4 Qxe7 30. Bxe7 Rd7 31. Bc5 Bf8 32. Bxf8 Rxf8 33. a4 Rb8 34. axb5
axb5 35. Ra6 b4 36. Rxe6 bxc3 37. bxc3 Rb3 38. Rc6 Ra7 39. d5 Ra2 40. d6 Rbb2
41. Rc7+ Kg8 42. d7 Rxg2+ 43. Kh1 Rxh2+ 44. Kg1 {Game drawn by mutual agreement}
1/2-1/2  aics%

[Event "Team 45 45 League T31"]
[Site "Internet Chess Club"]
[Date "2006.07.01"]
[Round "2"]
[White "Egmont"]
[Black "smitty120"]
[Result "1/2-1/2"]
[WhiteElo "1654"]
[BlackElo "1727"]
[TimeControl "2700+45"]

1. e4 e5 2. Nf3 Nc6 3. Bb5 a6 4. Ba4 Nf6 5. O-O Be7 6. Bxc6 dxc6 7. d3 Qd6 8.
Nbd2 Bg4 9. h3 Bxf3 10. Nxf3 c5 11. Bg5 Nd7 12. Qd2 O-O-O 13. Be3 Nb8 14. Qc3
Nc6 15. Rfd1 Nd4 16. Bxd4 cxd4 17. Qb3 Rhf8 18. c3 f5 19. cxd4 exd4 20. Rac1
fxe4 21. dxe4 d3 22. Rc3 Rxf3 23. gxf3 d2 24. Qc2 Bg5 25. Rc5 Be3 26. fxe3 Qg3+
27. Kh1 Qxf3+ 28. Kh2 Qf2+ 29. Kh1 Qf3+ 30. Kh2 Qf2+ 31. Kh1 {Game drawn by
mutual agreement} 1/2-1/2  aics%

[Event "Team 45 45 League T31"]
[Site "Internet Chess Club"]
[Date "2006.07.04"]
[Round "2"]
[White "BartL"]
[Black "NFK"]
[Result "1-0"]
[WhiteElo "1674"]
[BlackElo "1532"]
[TimeControl "2700+45"]

1. d4 Nf6 2. c4 c5 3. e3 cxd4 4. exd4 d5 5. Nc3 e6 6. Nf3 Be7 7. Bd3 dxc4 8.
Bxc4 O-O 9. O-O Qc7 10. Bb3 Rd8 11. Qe2 Bb4 12. Nb5 Qd7 13. Bf4 Ba5 14. Rac1 Nc6
15. Rfd1 a6 16. Nc3 Bxc3 17. Rxc3 Nd5 18. Bxd5 Qxd5 19. a3 f6 20. Rc5 Qd7 21. d5
e5 22. Be3 Qd6 23. Nd2 Ne7 24. Nc4 Qb8 25. Nb6 Ra7 26. d6 Rxd6 27. Rxd6 Qxd6 28.
Nxc8 {Black resigns} 1-0  aics%

[Event "Team 45 45 League T31"]
[Site "Internet Chess Club"]
[Date "2006.07.04"]
[Round "2"]
[White "nightly"]
[Black "camembert"]
[Result "0-1"]
[WhiteElo "1920"]
[BlackElo "1933"]
[TimeControl "2700+45"]

1. c4 Nf6 2. g3 e6 3. Bg2 d5 4. Nf3 dxc4 5. O-O a6 6. Nc3 c5 7. b3 cxb3 8. Qxb3
Qc7 9. d3 Bd6 10. Bg5 Nbd7 11. Rfc1 O-O 12. Nd2 h6 13. Be3 Ng4 14. Nc4 Nxe3 15.
Nxe3 Rb8 16. Ne4 b5 17. a4 Bb7 18. axb5 axb5 19. Ra7 Qb6 20. Rca1 Be5 21. R1a5
c4 22. dxc4 Bxe4 23. Bxe4 Nc5 24. Qb1 b4 25. Ra8 Nxe4 26. Qxe4 Qd4 27. Qc6 b3
28. Rxb8 Rxb8 29. Rb5 Qa1+ 30. Kg2 Rxb5 31. cxb5 b2 32. Nc2 Qa2 33. Nb4 Qb3 34.
Qa8+ Kh7 35. Qe4+ f5 36. Qxe5 b1=Q 37. Nc6 Qe4+ {White resigns} 0-1  aics%

[Event "Team 45 45 League T31"]
[Site "Internet Chess Club"]
[Date "2006.07.02"]
[Round "2"]
[White "Klampin"]
[Black "Rlopez"]
[Result "0-1"]
[WhiteElo "1832"]
[BlackElo "1785"]
[TimeControl "2700+45"]

1. d4 Nf6 2. Nf3 b6 3. Bf4 Bb7 4. e3 e6 5. Nbd2 Nh5 6. Bg3 d6 7. Bh4 Be7 8. Bxe7
Qxe7 9. Bd3 Nf6 10. O-O O-O 11. Qe2 c5 12. c3 Nc6 13. Rfe1 Rac8 14. Rad1 Rfe8
15. Bb1 Qc7 16. Qd3 g6 17. Rc1 Qd7 18. Rcd1 Rcd8 19. a3 Qc8 20. Qe2 Ba6 21. Bd3
Bxd3 22. Qxd3 Qc7 23. Ne4 Nxe4 24. Qxe4 d5 25. Qh4 Kg7 26. e4 cxd4 27. exd5 Rxd5
28. cxd4 Red8 29. Rc1 Qd6 30. Ng5 h6 31. Ne4 Qe7 32. Qxe7 Nxe7 33. Rc7 R8d7 34.
Rxd7 Rxd7 35. Rc1 Rxd4 36. f3 Rd7 37. g4 Nd5 38. Kf2 Nf4 39. Rc6 Nd3+ 40. Ke2
Nxb2 41. Rc2 Nd3 42. h3 Nf4+ 43. Ke3 Nd5+ 44. Ke2 f5 45. Ng3 Nf4+ 46. Ke3 Nd5+
47. Ke2 Kf6 48. Kf2 Rc7 49. Rxc7 Nxc7 50. Ne2 e5 51. Nc3 Ke6 52. Ke2 a6 53. Kd3
Nd5 54. Na4 Kd6 55. h4 b5 56. Nb2 Kc5 57. Nd1 a5 58. Nb2 Nf4+ 59. Kd2 Kd4 60.
Nd1 Nd5 61. Nb2 e4 62. gxf5 gxf5 63. fxe4 fxe4 64. Nd1 b4 65. axb4 axb4 66. Nb2
e3+ 67. Ke2 Kc3 68. Na4+ Kc2 69. Nc5 b3 70. Nd3 b2 {White resigns} 0-1  aics%

[Event "Team 45 45 League T31"]
[Site "Internet Chess Club"]
[Date "2006.07.09"]
[Round "2"]
[White "jerq"]
[Black "six-killer"]
[Result "1-0"]
[WhiteElo "1884"]
[BlackElo "1724"]
[TimeControl "2700+45"]

1. e4 c5 2. Nf3 d6 3. d4 cxd4 4. Nxd4 Nf6 5. Nc3 a6 6. Be3 e5 7. Nb3 Be6 8. f3
Be7 9. Qd2 O-O 10. O-O-O Nbd7 11. g4 Qc7 12. h4 Nb6 13. h5 d5 14. exd5 Nbxd5 15.
Nxd5 Bxd5 16. g5 Bxf3 17. gxf6 Bxh1 18. fxe7 Rfe8 19. Qd7 Rac8 20. Qxc7 Rxc7 21.
Bc5 Bf3 22. Rd8 Rc8 23. Rxc8 Rxc8 24. Bh3 f5 25. Bxf5 Ra8 26. Be6+ Kh8 27. Bf7
Bc6 28. Bd6 Be8 29. Bxe8 Rxe8 30. Nc5 Kg8 31. Nxb7 Kf7 32. Nd8+ Kf6 33. Nc6 e4
34. Kd2 Ke6 35. Bb4 Kd5 36. Nd8 a5 37. Ba3 g5 38. hxg6 hxg6 39. Nf7 Ke6 40. Nh6
Ke5 41. Ke3 a4 42. Nf7+ Ke6 43. Ng5+ {Black resigns} 1-0  aics%

[Event "Team 45 45 League T31"]
[Site "Internet Chess Club"]
[Date "2006.07.02"]
[Round "2"]
[White "Rainbird"]
[Black "herbertfaria"]
[Result "1-0"]
[WhiteElo "1760"]
[BlackElo "1633"]
[TimeControl "2700+45"]

1. d4 d5 2. c4 c6 3. Nc3 Nf6 4. e3 dxc4 5. Bxc4 b5 6. Bd3 e6 7. Nf3 Nbd7 8. O-O
Qc7 9. e4 a6 10. e5 Nd5 11. Ne4 c5 12. Nfg5 Be7 13. Qh5 g6 14. Qf3 O-O 15. Be3
cxd4 16. Bxd4 Qd8 17. Nh3 Bb7 18. Rac1 Nb4 19. Bb1 f5 20. Nf6+ Nxf6 21. Qxb7 Nd7
22. Nf4 Rb8 23. Qf3 Kf7 24. a3 Nd5 25. Nxd5 exd5 26. Qxd5+ Ke8 27. Rfd1 Nb6 28.
Bxb6 Qxb6 29. Qd7+ Kf7 30. Ba2+ Kg7 31. Qxe7+ Rf7 32. Qxf7+ {Black resigns} 1-0 
aics%

[Event "Team 45 45 League T31"]
[Site "Internet Chess Club"]
[Date "2006.06.30"]
[Round "2"]
[White "Apocalyptic"]
[Black "achessman"]
[Result "0-1"]
[WhiteElo "1953"]
[BlackElo "2030"]
[TimeControl "2700+45"]

1. e4 e5 2. Nf3 Nf6 3. Nxe5 d6 4. Nf3 Nxe4 5. Be2 d5 6. d4 Bd6 7. Be3 O-O 8. c4
c6 9. cxd5 cxd5 10. O-O Nc6 11. Nc3 Nxc3 12. bxc3 Bf5 13. Rc1 Ba3 14. Qb3 Bxc1
15. Rxc1 b6 16. Bg5 Qd6 17. Ba6 Na5 18. Qa4 Rfe8 19. Bh4 Bd7 20. Qc2 b5 21. Ne5
Rxe5 22. dxe5 Qxa6 23. Qe2 Nc4 24. Qf3 Bc6 25. Qg3 Kh8 26. Re1 Bd7 27. f4 Nd2
28. Qd3 Qxa2 29. Re2 Qb1+ 30. Qxb1 Nxb1 31. Be1 Rc8 32. Rc2 d4 33. Kf2 {White
resigns} 0-1  aics%

[Event "Team 45 45 League T31"]
[Site "Internet Chess Club"]
[Date "2006.07.03"]
[Round "2"]
[White "Bullitproof"]
[Black "tourettes"]
[Result "1/2-1/2"]
[WhiteElo "1708"]
[BlackElo "1732"]
[TimeControl "2700+45"]

1. d4 Nf6 2. c4 e6 3. Nc3 Bb4 4. Qb3 c5 5. Nf3 Ne4 6. e3 Qa5 7. Bd2 Nxd2 8. Nxd2
cxd4 9. exd4 Bxc3 10. bxc3 b6 11. Be2 Bb7 12. Bf3 Bxf3 13. Nxf3 O-O 14. O-O d5
15. cxd5 Qxd5 16. c4 Qd6 17. Rad1 Rd8 18. h3 Nd7 19. d5 Nc5 20. Qc2 h6 21. Rd2
Rd7 22. Rfd1 {Game drawn by mutual agreement} 1/2-1/2  aics%

[Event "Team 45 45 League T31"]
[Site "Internet Chess Club"]
[Date "2006.07.01"]
[Round "2"]
[White "crankn8tr"]
[Black "autobot"]
[Result "1/2-1/2"]
[WhiteElo "1638"]
[BlackElo "1649"]
[TimeControl "2700+45"]

1. e4 c6 2. d4 d5 3. Nc3 dxe4 4. Nxe4 Nf6 5. Nxf6+ exf6 6. Be3 Bd6 7. Qd2 Be6 8.
Nf3 Bd5 9. Be2 Na6 10. O-O Nc7 11. c4 Be6 12. Rad1 O-O 13. Bd3 Bg4 14. Be2 Re8
15. Qd3 Bf8 16. Ng5 fxg5 17. Bxg4 Qf6 18. Qf5 Be7 19. f4 g6 20. Qxf6 Bxf6 21.
fxg5 Bg7 22. Bc1 Rad8 23. d5 cxd5 24. cxd5 Nxd5 25. Bf3 Nb4 26. Rxd8 Rxd8 27. a3
Bd4+ 28. Kh1 Nd3 29. h4 Nf2+ 30. Kh2 Be5+ 31. g3 Nd3 32. Rd1 Bc7 33. Be4 Nxc1
34. Rxc1 Rd2+ 35. Kh3 Be5 36. Rc2 {Game drawn by mutual agreement} 1/2-1/2 
aics%

[Event "Team 45 45 League T31"]
[Site "Internet Chess Club"]
[Date "2006.07.04"]
[Round "2"]
[White "MSStateBulldog"]
[Black "pestka"]
[Result "1-0"]
[WhiteElo "2439"]
[BlackElo "2262"]
[TimeControl "2700+45"]

1. e4 c5 2. Nf3 Nc6 3. Bb5 Qc7 4. O-O Nf6 5. Nc3 e6 6. Re1 Be7 7. e5 Nd5 8. Nxd5
exd5 9. d4 cxd4 10. Bg5 Bxg5 11. Nxg5 h6 12. Qh5 O-O 13. Bd3 Qd8 14. Nh7 Re8 15.
Nf6+ gxf6 16. Qxh6 Nxe5 17. Rxe5 {Black resigns} 1-0  aics%

[Event "Team 45 45 League T31"]
[Site "Internet Chess Club"]
[Date "2006.07.03"]
[Round "2"]
[White "Phosphorus"]
[Black "Ozgur-Bjk"]
[Result "1-0"]
[WhiteElo "2241"]
[BlackElo "2125"]
[TimeControl "2700+45"]

1. c4 Nf6 2. g3 c6 3. Bg2 d5 4. Nf3 g6 5. b3 Bg7 6. Bb2 O-O 7. O-O Nbd7 8. d3
Re8 9. Nbd2 e5 10. cxd5 cxd5 11. e4 dxe4 12. dxe4 b5 13. Qe2 Qb6 14. Rfd1 Bb7
15. a4 bxa4 16. Nc4 Qxb3 17. Nd6 Bxe4 18. Nxe4 Nxe4 19. Rxd7 Nc5 20. Rc7 Rab8
21. Rxc5 Qxb2 22. Qxb2 Rxb2 23. Rxa4 e4 24. Ng5 e3 25. fxe3 Rxe3 26. Rc8+ Bf8
27. Rxa7 Ree2 28. Bf1 Rf2 29. Rxf7 Rxf7 30. Bc4 Rb7 31. Nxf7 Rxf7 32. Rc7 {Black
resigns} 1-0  aics%

[Event "Team 45 45 League T31"]
[Site "Internet Chess Club"]
[Date "2006.07.02"]
[Round "2"]
[White "BaroneRosso"]
[Black "Gregorio"]
[Result "1/2-1/2"]
[WhiteElo "2046"]
[BlackElo "2131"]
[TimeControl "2700+45"]

1. d4 Nf6 2. c4 e6 3. Nf3 b6 4. a3 Bb7 5. Nc3 d5 6. cxd5 Nxd5 7. Qc2 Nxc3 8.
bxc3 c5 9. e4 Be7 10. Bb5+ Bc6 11. Bd3 O-O 12. O-O Nd7 13. Rd1 Rc8 14. d5 Bb7
15. c4 e5 16. Bb2 Bd6 17. a4 Kh8 18. Qd2 a5 19. Rdb1 Qe7 20. Bc3 Ba6 21. Rb2 Rb8
{Game drawn by mutual agreement} 1/2-1/2  aics%

[Event "Team 45 45 League T31"]
[Site "Internet Chess Club"]
[Date "2006.07.02"]
[Round "2"]
[White "jorobo"]
[Black "Milo"]
[Result "0-1"]
[WhiteElo "2187"]
[BlackElo "2415"]
[TimeControl "2700+45"]

1. c4 e6 2. Nc3 d5 3. d4 c6 4. e3 f5 5. h3 Nf6 6. g4 Bb4 7. Bd2 O-O 8. gxf5 exf5
9. cxd5 Bxc3 10. bxc3 cxd5 11. c4 Ne4 12. cxd5 Nxd2 13. Qxd2 Qxd5 14. Rh2 f4 15.
Rc1 Be6 16. Bc4 Qd6 17. e4 Bxc4 18. Rxc4 Qg6 19. Kf1 Qxe4 20. Rg2 f3 21. Rg4
Qb1+ 22. Qc1 Qd3+ 23. Ke1 Re8+ {White resigns} 0-1  aics%

[Event "Team 45 45 League T31"]
[Site "Internet Chess Club"]
[Date "2006.07.01"]
[Round "2"]
[White "John3v16"]
[Black "Zebbile"]
[Result "0-1"]
[WhiteElo "1903"]
[BlackElo "2041"]
[TimeControl "2700+45"]

1. e4 c6 2. d4 d5 3. e5 Bf5 4. f4 e6 5. Nf3 Na6 6. c3 Qb6 7. b4 Nc7 8. a3 a5 9.
Bb2 axb4 10. cxb4 Bxb4+ 11. axb4 Qxb4+ 12. Qd2 Qb6 13. Rxa8+ Nxa8 14. Nc3 Nh6
15. Ba3 Qb3 16. Qb2 Qxb2 17. Bxb2 O-O 18. Na4 b5 19. Nc5 Nb6 20. Bd3 Ra8 21.
Bxf5 Nxf5 22. O-O Nc4 23. Ra1 Rxa1+ 24. Bxa1 Nfe3 25. Bc3 Nd1 26. Bb4 Nce3 27.
Na6 Nc2 28. Bc5 Nc3 29. Nb8 b4 30. Nd2 Ne2+ 31. Kf2 Nexd4 32. Bxd4 Nxd4 33. Na6
Kf8 34. Ke3 Nb5 35. Nb3 Ke8 36. Nxb4 Kd7 37. Nd4 Na7 38. Na6 Kc8 39. Nc5 Kc7 40.
Na4 Kb7 41. Nb3 Ka6 42. Nbc5+ Ka5 43. g4 g6 44. g5 Kb4 45. h4 Nc8 46. Kd4 Ne7
47. Nb6 Nf5+ 48. Kd3 Kxc5 49. Nd7+ Kb4 50. Nf6 c5 51. h5 gxh5 52. Nxh5 Kb3 53.
Nf6 Kb2 54. Ng4 c4+ 55. Ke2 c3 56. Nf2 c2 57. Nd3+ Kb1 58. Kd2 Nd4 59. Nc1 Nf3+
{White resigns} 0-1  aics%

[Event "Team 45 45 League T31"]
[Site "Internet Chess Club"]
[Date "2006.07.02"]
[Round "2"]
[White "equi"]
[Black "Knight77"]
[Result "1-0"]
[WhiteElo "1876"]
[BlackElo "1795"]
[TimeControl "2700+45"]

1. d4 d5 2. c4 e5 3. dxe5 d4 4. a3 Nc6 5. Nf3 Bg4 6. Qb3 Qd7 7. Bf4 Nge7 8. Nbd2
Ng6 9. Bg3 O-O-O 10. O-O-O Re8 11. h3 Bh5 12. Bh2 Ngxe5 13. g4 Bg6 14. Nxe5 Nxe5
15. f4 Nxg4 16. hxg4 Qxg4 17. Bh3 Bc2 18. Bxg4+ f5 19. Qxc2 {Black resigns} 1-0 
aics%

[Event "Team 45 45 League T31"]
[Site "Internet Chess Club"]
[Date "2006.07.02"]
[Round "2"]
[White "Sir-Knightly"]
[Black "iwulu"]
[Result "1-0"]
[WhiteElo "2364"]
[BlackElo "2238"]
[TimeControl "2700+45"]

1. d4 b5 2. e4 a6 3. a4 Bb7 4. Bd3 Nf6 5. Qe2 Nc6 6. c3 e5 7. d5 Na5 8. Nd2 b4
9. Ngf3 bxc3 10. bxc3 Bd6 11. O-O Qe7 12. Rb1 O-O 13. Nh4 g6 14. Nb3 Nxb3 15.
Rxb3 Rfb8 16. Bg5 h6 17. Bxh6 Nxd5 18. Nxg6 fxg6 19. Rfb1 Qh4 20. Bd2 Nb6 21. a5
Bc5 22. Be3 Na4 23. Rxb7 Rxb7 24. Rxb7 Nxc3 25. Qd2 Nxe4 26. Qc1 Bxe3 27. Qxe3
d5 28. Rxc7 Rb8 29. g3 Qd8 30. Qa7 Ng5 31. Bxg6 e4 32. Bh7+ {Black resigns} 1-0 
aics%

[Event "Team 45 45 League T31"]
[Site "Internet Chess Club"]
[Date "2006.07.02"]
[Round "2"]
[White "Burning-Bush"]
[Black "izit"]
[Result "1-0"]
[WhiteElo "2110"]
[BlackElo "2152"]
[TimeControl "2700+45"]

1. d4 Nf6 2. c4 g6 3. Nc3 Bg7 4. e4 O-O 5. g3 d6 6. Bg2 Nc6 7. Nge2 e5 8. d5 Na5
9. Qd3 c5 10. O-O a6 11. Rb1 b6 12. Nd1 b5 13. b3 Rb8 14. Ne3 Ng4 15. f3 Nxe3
16. Bxe3 f5 17. Nc3 Bd7 18. Bd2 h5 19. h3 Kh7 20. Qe2 Bh6 21. f4 Be8 22. cxb5
axb5 23. fxe5 Bxd2 24. Qxd2 dxe5 25. exf5 gxf5 26. Rbe1 Qd6 27. Qg5 Bg6 28. g4
hxg4 29. hxg4 b4 30. gxf5 bxc3 31. fxg6+ Kg8 32. Rxe5 Rxf1+ 33. Bxf1 c2 34. Re6
c1=Q 35. Qxc1 Qxd5 36. Qe3 c4 37. Re5 Qd7 38. Bg2 Qd1+ 39. Kh2 Qd6 40. Bd5+ Kg7
41. Kg2 Nc6 42. Rh5 Rf8 43. Qh6+ Kf6 44. g7+ Ke7 45. gxf8=Q+ {Black resigns} 1-0
 aics%

[Event "Team 45 45 League T31"]
[Site "Internet Chess Club"]
[Date "2006.07.03"]
[Round "2"]
[White "SaltofLife"]
[Black "gracey"]
[Result "0-1"]
[WhiteElo "1968"]
[BlackElo "2153"]
[TimeControl "2700+45"]

1. e4 c6 2. c4 d5 3. cxd5 cxd5 4. exd5 Nf6 5. Nc3 Nxd5 6. Nf3 g6 7. Bc4 Nb6 8.
Bb3 Nc6 9. d4 Bg7 10. d5 Na5 11. Be3 O-O 12. O-O Bg4 13. h3 Bxc3 14. bxc3 Nxb3
15. axb3 Bxf3 16. Bxb6 Qxd5 17. Qxd5 Bxd5 18. Rxa7 Rxa7 19. Bxa7 Bxb3 20. Bc5
Re8 21. Re1 e6 22. Bd4 Ra8 23. Bf6 Ra4 24. Bd4 Ra2 25. Rb1 Bd5 26. Rb6 Kf8 27.
Rd6 Ke7 28. Rb6 Rc2 29. Bc5+ Kf6 30. Bd4+ Kf5 31. Rd6 Bc6 32. Bg7 h5 33. Rd3 Bd5
34. Re3 Rc1+ 35. Kh2 Rd1 36. h4 b5 37. Re5+ Kf4 38. Re3 Kg4 39. Bf6 Rd2 40. Kg1
Kf5 41. Bg5 Rd1+ 42. Kh2 e5 43. f3 f6 44. Bh6 Be6 45. Kg3 Bc4 46. Bg7 Rd2 47.
Bh8 Rd7 48. Kh3 Rh7 49. g4+ Kf4 50. Re4+ Kxf3 51. Rxc4 bxc4 52. gxh5 g5 53. Bxf6
g4+ 54. Kh2 g3+ 55. Kg1 Rd7 {White resigns} 0-1  aics%

[Event "Team 45 45 League T31"]
[Site "Internet Chess Club"]
[Date "2006.06.29"]
[Round "2"]
[White "Sean"]
[Black "chiiwen"]
[Result "0-1"]
[WhiteElo "1649"]
[BlackElo "1676"]
[TimeControl "2700+45"]

1. c4 c5 2. g3 Nf6 3. Bg2 d5 4. cxd5 Nxd5 5. Nc3 e6 6. Nxd5 exd5 7. Qb3 c4 8.
Qb5+ Qd7 9. Qxd7+ Nxd7 10. Bxd5 Nb6 11. Bg2 Bc5 12. e3 Rb8 13. Ne2 O-O 14. O-O
Be6 15. Nf4 Rfe8 16. Nxe6 Rxe6 17. Rd1 Rd6 18. Rb1 Nd5 19. d4 cxd3 20. Rxd3 Nb4
21. Rxd6 Bxd6 22. a3 Nd3 23. Bd2 Be5 24. Bc3 Bxc3 25. bxc3 b6 26. c4 Rc8 27. Bd5
Ne5 28. Rb4 Kf8 29. Kg2 Ke7 30. a4 Nd3 31. Rb3 Nc5 32. Ra3 a5 33. f3 Nd7 34. f4
f6 35. Kf3 f5 36. e4 fxe4+ 37. Kxe4 Nf6+ 38. Kf3 Nxd5 39. cxd5 Kd6 40. Rb3 Kxd5
41. Rxb6 Rc4 42. Rb5+ Rc5 43. Rxc5+ Kxc5 44. Ke3 Kb4 45. Kd3 Kxa4 46. Kc2 Kb4
47. Kb2 a4 48. g4 Kc4 49. f5 Kd5 50. Ka3 Ke4 51. Kxa4 Kf4 52. h3 h5 53. gxh5
Kxf5 54. Kb4 Kg5 55. Kc4 Kxh5 56. Kd4 Kh4 57. Ke3 g5 58. Kf2 Kxh3 59. Kg1 Kg3
60. Kh1 Kf2 61. Kh2 g4 62. Kh1 Kg3 63. Kg1 Kf3 64. Kf1 g3 65. Kg1 g2 66. Kh2 Kf2
67. Kh3 g1=Q 68. Kh4 Qg6 {White resigns} 0-1  aics%

[Event "Team 45 45 League T31"]
[Site "Internet Chess Club"]
[Date "2006.06.28"]
[Round "2"]
[White "tryanything"]
[Black "GoIrish"]
[Result "0-1"]
[WhiteElo "1587"]
[BlackElo "1609"]
[TimeControl "2700+45"]

1. e4 d6 2. d4 Nf6 3. Nc3 g6 4. Nf3 Bg7 5. Bc4 O-O 6. O-O Nxe4 7. Bxf7+ Rxf7 8.
Nxe4 Bg4 9. Be3 Bxf3 10. gxf3 Nc6 11. c3 e5 12. d5 Ne7 13. Ng5 Rf6 14. Ne6 Qd7
15. Nxg7 Kxg7 16. Kh1 Qh3 17. Rg1 Qxf3+ 18. Rg2 Qxd5 19. Qh5 Qxg2+ {White
resigns} 0-1  aics%

[Event "Team 45 45 League T31"]
[Site "Internet Chess Club"]
[Date "2006.07.02"]
[Round "2"]
[White "Wheels"]
[Black "FiendAngelical"]
[Result "0-1"]
[WhiteElo "1637"]
[BlackElo "1493"]
[TimeControl "2700+45"]

1. e4 c5 2. Nf3 d6 3. d4 cxd4 4. Nxd4 Nf6 5. Nc3 g6 6. g3 Nc6 7. Nde2 Bg7 8. Bg2
O-O 9. O-O Bd7 10. h3 Rc8 11. Be3 a6 12. Qd2 Ne5 13. Bf4 Nc4 14. Qc1 b5 15. b3
b4 16. bxc4 bxc3 17. Bh6 Rxc4 18. Bxg7 Kxg7 19. Qe3 Qc7 20. Rfd1 Rb8 21. Rab1
Rb2 22. Rxb2 cxb2 23. c3 Qa5 24. Qd3 Qxa2 25. Qb1 Ra4 {White resigns} 0-1  aics%

[Event "Team 45 45 League T31"]
[Site "Internet Chess Club"]
[Date "2006.07.01"]
[Round "2"]
[White "Fineas-Fogg"]
[Black "Archaeologist"]
[Result "0-1"]
[WhiteElo "1396"]
[BlackElo "1484"]
[TimeControl "2700+45"]

1. e4 c5 2. Nf3 Nc6 3. d3 d6 4. Nbd2 Nf6 5. g3 g6 6. Bg2 Bg7 7. O-O O-O 8. c3 e6
9. a4 Rb8 10. Nc4 Na5 11. Nxa5 Qxa5 12. Re1 Nd7 13. Bd2 Qd8 14. Qb3 b6 15. Bg5
Bf6 16. Bxf6 Qxf6 17. d4 cxd4 18. Nxd4 Bb7 19. Nb5 Nc5 20. Qc2 Qe7 21. Nxa7 Bxe4
22. Nc6 Bxc2 23. Nxe7+ Kg7 24. Nc6 Rbc8 25. a5 bxa5 26. Rxa5 d5 27. Rxc5 Ba4 28.
Ra1 Rxc6 29. Rxc6 Bxc6 30. c4 Rc8 31. cxd5 Bxd5 32. Bxd5 exd5 33. Rb1 d4 34. Kf1
d3 35. Ke1 Rc2 36. b4 Re2+ 37. Kf1 Rc2 38. Ke1 Re2+ 39. Kf1 Re8 40. b5 d2 41. b6
h5 42. b7 g5 43. Rd1 Rb8 44. Rxd2 Rxb7 45. Rd6 Re7 46. h4 gxh4 47. gxh4 Re4 48.
Kg2 Rxh4 49. Kg3 Rg4+ 50. Kh3 Rg6 51. Rxg6+ fxg6 52. Kh4 Kf6 53. f4 Kf5 54. Kg3
Ke4 55. Kh4 Kxf4 56. Kh3 g5 57. Kg2 g4 58. Kf2 h4 59. Kg2 g3 60. Kf1 Kf3 61. Kg1
h3 62. Kf1 h2 {White resigns} 0-1  aics%

[Event "Team 45 45 League T31"]
[Site "Internet Chess Club"]
[Date "2006.07.01"]
[Round "2"]
[White "nursey"]
[Black "DaveTheRook"]
[Result "1/2-1/2"]
[WhiteElo "1672"]
[BlackElo "1697"]
[TimeControl "2700+45"]

1. e4 e5 2. Nf3 Nc6 3. Bb5 a6 4. Ba4 Nf6 5. O-O Be7 6. Re1 b5 7. Bb3 O-O 8. c3
d6 9. h3 Re8 10. d4 h6 11. d5 Na5 12. Nbd2 Bd7 13. Bc2 Bf8 14. a4 c5 15. b4 cxb4
16. cxb4 Nb7 17. Bb2 a5 18. axb5 Bxb5 19. bxa5 Rxa5 20. Rxa5 Qxa5 21. Nb3 Qb6
22. Bd3 Ba4 23. Bc2 Rc8 24. Re3 Na5 25. Nfd2 Nd7 26. Rc3 Rxc3 27. Bxc3 Nxb3 28.
Bxb3 Bxb3 29. Nxb3 Nc5 30. Nxc5 Qxc5 31. Qf3 Qc4 32. Bb2 Be7 33. Ba3 Qa4 34. Kf1
Kf8 35. Ke1 Qc2 36. g3 Ke8 37. h4 Qc4 38. g4 Kf8 39. h5 Qa6 40. Bb2 Bd8 41. Bc3
Ba5 42. Kd2 Bxc3+ 43. Qxc3 Qa2+ 44. Ke3 Qa7+ 45. Kf3 Qd7 46. Qd2 Qa4 47. Ke3
Qb3+ 48. Qd3 Qb6+ 49. Kf3 Ke7 50. Qe3 Qxe3+ 51. Kxe3 Kf6 52. f4 g5 53. f5 Ke7
54. Kd3 f6 55. Kc4 Kd7 56. Kb5 Kc7 {Game drawn by mutual agreement} 1/2-1/2 
aics%

[Event "Team 45 45 League T31"]
[Site "Internet Chess Club"]
[Date "2006.06.30"]
[Round "2"]
[White "mogwop"]
[Black "GrandPoobah069"]
[Result "0-1"]
[WhiteElo "1578"]
[BlackElo "1629"]
[TimeControl "2700+45"]

1. d4 Nf6 2. Nf3 d5 3. e3 g6 4. Bd3 Bg7 5. O-O O-O 6. c3 Nbd7 7. Nbd2 Re8 8. e4
e5 9. Qc2 dxe4 10. Nxe4 Nxe4 11. Bxe4 exd4 12. Nxd4 Nc5 13. Bd3 Nxd3 14. Qxd3 c5
15. Be3 cxd4 16. cxd4 b6 17. Rad1 a5 18. h3 Ba6 {White resigns} 0-1

[Event "Team 45 45 League T31"]
[Site "Internet Chess Club"]
[Date "2006.06.29"]
[Round "2"]
[White "peatmoss"]
[Black "kutch"]
[Result "0-1"]
[WhiteElo "1467"]
[BlackElo "1470"]
[TimeControl "2700+45"]

1. Nf3 Nf6 2. g3 e6 3. Bg2 d5 4. O-O c5 5. c3 Nc6 6. d3 Be7 7. Re1 O-O 8. Bg5 b6
9. Nbd2 Bb7 10. Bxf6 Bxf6 11. e4 Ne5 12. Nxe5 Bxe5 13. exd5 Qc7 14. Nf3 Bf6 15.
dxe6 fxe6 16. Rxe6 Bd5 17. Re3 Rad8 18. Ne1 Bxg2 19. Nxg2 Qf7 20. Qb3 Rd5 21.
Nf4 Rf5 22. Qxf7+ Kxf7 23. Rae1 g5 24. Nh5 Bd8 25. g4 Rd5 26. Rf3+ Kg8 27. Rxf8+
Kxf8 28. Re3 Kf7 29. Rf3+ Kg6 30. Ng3 Re5 31. Ne4 Be7 32. Re3 a6 33. Ng3 Rxe3
34. fxe3 Bd6 35. Ne4 Be5 36. d4 cxd4 37. cxd4 Bc7 38. h3 h5 39. a4 hxg4 40. hxg4
a5 41. b3 Bd8 42. Kf2 Kf7 43. Nxg5+ Bxg5 44. Kf3 Ke6 45. e4 Kd6 46. Ke2 Kc6 47.
Kd3 b5 48. axb5+ Kxb5 49. Kc3 Be3 50. d5 Kc5 51. Kd3 Bd4 52. g5 Be5 53. g6 Kb4
54. Kc2 Kc5 55. Kd3 Bg7 56. Kc2 Be5 57. Kb1 Bg7 58. Ka2 Be5 59. Ka3 Bg7 60. Ka4
Bc3 61. Ka3 Bg7 62. Ka2 Be5 63. Kb1 Kd6 64. Kc2 Ke7 65. Kd3 Kf6 66. Kc4 Kxg6 67.
Kb5 Bc3 68. d6 Kf7 69. d7 Ke7 70. Kc6 Kd8 71. Kd6 Bb4+ 72. Ke6 Be7 73. e5 Bb4
74. Kd5 Kxd7 75. e6+ Ke7 76. Ke5 Kd8 77. Kd5 Kc7 78. Ke5 Kc6 79. Kf6 Kd5 80. e7
Bxe7+ 81. Kxe7 Kd4 82. Kd6 Kc3 83. Kc5 Kxb3 84. Kb5 a4 {White resigns} 0-1 
aics%

[Event "Team 45 45 League T31"]
[Site "Internet Chess Club"]
[Date "2006.07.02"]
[Round "2"]
[White "Mutaant"]
[Black "SeniorCitizen"]
[Result "0-1"]
[WhiteElo "1469"]
[BlackElo "1382"]
[TimeControl "2700+45"]

1. e4 e6 2. Bc4 d5 3. exd5 exd5 4. Bb3 Nf6 5. Nc3 Bb4 6. Nge2 O-O 7. a3 Bxc3 8.
Nxc3 d4 9. Ne2 Re8 10. O-O d3 11. Ng3 Be6 12. c3 Nc6 13. Ba4 Rb8 14. Qf3 Qd5 15.
Qf4 b5 16. Bd1 Qd7 17. b4 a5 18. Bf3 a4 19. Ne4 Nxe4 20. Bxe4 f5 21. Bf3 g6 22.
h3 Re7 23. Bb2 Bc4 24. Rae1 Rbe8 25. Re3 Rxe3 26. fxe3 Ne5 27. Bd1 Qd5 28. g4
fxg4 29. hxg4 Qd7 30. Qf6 Nxg4 31. Qg5 Ne5 32. Rf4 Qe7 33. Qg3 Rf8 34. Re4 Qf6
35. Bh5 Qf1+ 36. Kh2 Rf2+ 37. Qxf2 Qxf2+ 38. Kh3 Qf5+ {White resigns} 0-1  aics%